 Dungeon Crawl Stone Soup version 0.24-a0-282-g1a68c91 (webtiles) character file.

Game seed: 432433177985434562

72 MisterFreud the Slasher (level 4, 0/31 HPs)
             Began as an Octopode Fighter on May 2, 2019.
             Slain by an ice beast (3 damage)
             ... on level 2 of the Dungeon.
             The game lasted 00:03:00 (1610 turns).

MisterFreud the Slasher (Octopode Fighter)          Turns: 1610, Time: 00:03:01

Health: 0/31       AC:  1    Str: 20    XL:     4   Next: 26%
Magic:  0/4        EV: 11    Int: 11    God:
Gold:   45         SH:  9    Dex: 11    Spells: 3/3 levels left

rFire    . . .     SeeInvis .   a - +0 long sword
rCold    . . .     Gourm    .   b - +0 shield
rNeg     . . .     Faith    .   (helmet restricted)
rPois    .         Spirit   +   k - amulet of guardian spirit
rElec    .         Reflect  .   (no ring)
rCorr    .         Harm     .   (no ring)
MR       .....                  (no ring)
Stlth    ++........             (no ring)
HPRegen  0.10/turn              (no ring)
MPRegen  0.09/turn              (no ring)
                                (no ring)
                                (no ring)

@: mighty
A: almost no armour, stealthy swim, amphibious, 8 rings, constrict 8, camouflage
1, gelatinous body 1
a: no special abilities


You were on level 2 of the Dungeon.
You were not hungry.

You visited 1 branch of the dungeon, and saw 2 of its levels.

You collected 45 gold pieces.

Inventory:

Hand Weapons
 a - a +0 long sword (weapon)
Missiles
 g - 55 stones (quivered)
 l - 33 bolts
Armour
 b - a +0 shield (worn)
Jewellery
 k - an amulet of guardian spirit (around mantle)
Potions
 e - a potion of magic {unknown}
 h - 2 potions of degeneration
 i - a potion of flight {unknown}
 j - a potion of mutation {unknown}
 n - a potion of resistance {unknown}
 o - a potion of berserk rage {unknown}
Comestibles
 d - 5 rations
 f - 9 chunks of flesh


   Skills:
 - Level 3.0 Fighting
 + Level 4.4 Long Blades
 - Level 3.0 Dodging
 - Level 3.0 Shields


You had 3 spell levels left.
You didn't know any spells.
Your spell library was empty.

Dungeon Overview and Level Annotations

Branches:
Dungeon (2/15)

Altars:
Okawaru


Innate Abilities, Weirdness & Mutations

You cannot wear most types of armour.
You are very stealthy in the water. (Stealth+)
You are amphibious.
You can wear up to eight rings at the same time.
You can use your tentacles to constrict eight enemies at once.
Your skin changes colour to match your surroundings (Stealth+).
Your rubbery body absorbs attacks. (AC +1, EV +1)


Message History

You aren't carrying any scrolls.
Unknown command.
Unknown command.
You feel very mighty all of a sudden.
Your shield prevents you from hitting the ice beast.
The ice beast is lightly wounded.
The ice beast misses you. You block the ice beast's attack.
You closely miss the ice beast. Your squeeze misses the ice beast.
The ice beast is lightly wounded.
You block the ice beast's attack.
You hit the ice beast.
The ice beast is moderately wounded.
The ice beast hits you. The ice beast freezes you!
* * * LOW HITPOINT WARNING * * *
You slash the ice beast!
The ice beast is severely wounded.
The ice beast hits you.
* * * LOW HITPOINT WARNING * * *
The ice beast freezes you.
You die...

#.#
#.##..#.#.####.####...
#.# ##.##....#.#
#..###...
#.#####......#...#
##.##....
..#..#.÷...#..##..##
#.##....
#.##......##..##..##
#.##....
#.####..####..###..#
#..#.... #.# #..#
##....## #.....[ #.#
##..#... ##Y#...#
#..... #<###...#..#
#@.#.Y.# #..)..
###.##.......#
#.##...######....)
#........##..#
#.##.......##.....
##....##.##.##
####...###........
....###..##..# #...#
###..<)..
###.##..###..### #...#
##.....
#)÷÷.###....[########
#.....
##.#÷.##..###.....##
#..#.. #.....##.##
#####..#### #.....


You could see an ice beast.

Vanquished Creatures
  An adder (D:2)
  A worm (D:2)
  3 dart slugs
  A leopard gecko (D:1)
  3 bats
  4 giant cockroaches
  4 hobgoblins
  8 jackals
  10 kobolds
  2 ball pythons
  3 frilled lizards
  5 goblins
  4 rats
49 creatures vanquished.

Notes
Turn   | Place    | Note
-------+----------+-------------------------------------------
     0 | D:1      | MisterFreud the Octopode Fighter began the quest for the
                  | Orb.
     0 | D:1      | Reached XP level 1. HP: 16/16 MP: 1/1
   437 | D:1      | Reached XP level 2. HP: 21/21 MP: 2/2
   542 | D:1      | Reached skill level 3 in Long Blades
   625 | D:1      | Reached XP level 3. HP: 24/26 MP: 3/3
  1305 | D:2      | Reached skill level 4 in Long Blades
  1368 | D:2      | Reached XP level 4. HP: 21/31 MP: 2/4
  1532 | D:2      | Found an iron altar of Okawaru.
  1568 | D:2      | Noticed an ice beast
  1610 | D:2      | Slain by an ice beast

Levels and vault maps discovered:
D:1:      psy_arrival_spokes, layout_basic
D:2:      layout_rooms, elyvilon_altar_5, okawaru_metal_pillars_3

Skill      XL: |  1  2  3 |
---------------+----------+-----
Long Blades    | 3 4 |  4.4
Fighting       | |  3.0
Dodging        | |  3.0
Shields        | |  3.0

Action                   |  1- 3 |  4- 6 || total
-------------------------+-------+-------++-------
Melee: Long sword        |    76 |    21 ||    97
       Tentacles         |    16 |     4 ||    20
       Constrict         |    22 |     1 ||    23
  Use: Scroll            |     1 |     2 ||     3
       Potion            |       |     1 ||     1
 Stab: Sleeping          |     8 |       ||     8
  Eat: Chunk             |     1 |     1 ||     2
Armor: Skin              |     6 |     4 ||    10
Dodge: Dodged            |    35 |     7 ||    42
Block: Shield            |    30 |     9 ||    39
       Rpst.: Long sword |     9 |     2 ||    11

Table legend:
 A = Non-vault XP
 B = Vault XP
 C = Vault XP percentage of total XP
 D = Non-vault monster count
 E = Vault monster count
 F = Vault count percentage of total count
                 A         B        C        D         E       F
            +---------+---------+-------+---------+---------+-------
      Total |     104 |       0 |   0.0 |      49 |       0 |   0.0
            +---------+---------+-------+---------+---------+-------
        D:1 |      47 |       0 |   0.0 |      26 |       0 |   0.0
        D:2 |      57 |       0 |   0.0 |      23 |       0 |   0.0
            +---------+---------+-------+---------+---------+-------
